 Dungeon Crawl Stone Soup version 0.28-a0-1638-g9123634e07 (webtiles) character file.

Game seed: 849702192970016513

46 lonewolfV2 the Chopper (level 3, -3/34 HPs)
             Began as a Minotaur Berserker on Jan 25, 2022.
             Was a Believer of Trog.
             Slain by a goblin (6 damage)
             ... led by Robin
             ... on level 2 of the Dungeon.
             The game lasted 00:02:27 (1226 turns).

lonewolfV2 the Chopper (Minotaur Berserker)         Turns: 1226, Time: 00:02:28

Health: -3/34      AC:  2    Str: 23    XL:     3   Next: 44%
Magic:  2/2        EV: 12    Int: 10    God:    Trog [**....]
Gold:   20         SH:  0    Dex:  9    Spells: 2/2 levels left

rFire   . . .      SeeInvis .   a - +0 hand axe
rCold   + . .      Faith    .   (no shield)
rNeg    . . .      Spirit   .   b - +0 animal skin
rPois   .          Reflect  .   (helmet unavailable)
rElec   .          Harm     .   (no cloak)
rCorr   .          Rampage  .   (no gloves)
Will    .....                   (no boots)
Stlth   +.........              (no amulet)
HPRegen 0.11/turn               c - +6 ring of intelligence
MPRegen 0.08/turn               (no ring)

@: no status effects
A: horns 3, retaliatory headbutt, cold resistance 1, wild magic 1
a: Renounce Religion, Berserk, Trog's Hand


You were on level 2 of the Dungeon.
You worshipped Trog.
Trog was pleased with you.
You visited 1 branch of the dungeon, and saw 2 of its levels.

You collected 20 gold pieces.

Inventory:

Hand Weapons
 a - a +0 hand axe (weapon)
Armour
 b - a +0 animal skin (worn)
Jewellery
 c - a +6 ring of intelligence (left hand)
Scrolls
 e - a scroll of teleportation


   Skills:
 + Level 4.4 Fighting
 + Level 4.5 Axes
 + Level 2.7 Armour
 + Level 2.3 Dodging


You had 2 spell levels left.
You didn't know any spells.
Your spell library was empty.

Dungeon Overview and Level Annotations

Branches:
Dungeon (2/15)

Altars:

Shops:
D:1 (

Annotations:
D:2 Robin


Innate Abilities, Weirdness & Mutations

You have a pair of large horns on your head.
You reflexively headbutt those who attack you in melee.
Your flesh is cold resistant. (rC+)
Your spells are a little harder to cast, but a little more powerful.


Message History

You kill the goblin!
Trog accepts your kill.
You hit the goblin.
You kill the goblin!
Trog accepts your kill. The goblin barely misses you.
You barely miss the goblin. The goblin closely misses you.
The goblin hits you with a +0 dagger. The goblin barely misses you.
Things that are here:
a +0 dagger; a +0 dagger You hit the goblin.
You kill the goblin!
Trog accepts your kill.
You barely miss Robin. You hit the goblin.
You kill the goblin!
Trog accepts your kill.
You barely miss the goblin. The goblin closely misses you.
Robin flexes a bicep menacingly.
You hit Robin.
Robin is lightly wounded.
You miss the goblin. The goblin closely misses you.
Robin throws the goblin at you! The goblin hits you with a +0 club.
* * * LOW HITPOINT WARNING * * *
The goblin closely misses you. You furiously retaliate!
You headbutt the goblin.
You kill the goblin!
Trog accepts your kill.
You hit Robin.
Robin is heavily wounded.
You hit the goblin but do no damage. Robin misses you.
The goblin hits you with a +0 club.
* * * LOW HITPOINT WARNING * * *
Robin throws the goblin at you!
* * * LOW HITPOINT WARNING * * *
It was a potion of mutation.
You feel extremely strange.
You feel resistant to cold.
You feel less in control of your magic. The horns on your head grow some more.
The goblin hits you with a +0 club.
You die...

...........................
.........................."
....................#......
........<.<................
....................#......
...................$.......
..#........#....).........#
................)g).$......
####....#......g@..........
...#.#.#..#..###..#####.
....... ...# ....... .#.#
....... . .. ....... ##.
....... .. .......


You could see Robin and a goblin (strong).

Vanquished Creatures
  A dart slug (D:1)
  4 endoplasms
  14 goblins
  3 hobgoblins (D:1)
  A quokka (D:1)
  A ball python (D:1)
  4 bats
  2 frilled lizards (D:1)
  4 kobolds (D:1)
  7 rats
41 creatures vanquished.

Notes
Turn   | Place    | Note
-------+----------+-------------------------------------------
     0 | D:1      | lonewolfV2 the Minotaur Berserker began the quest for the
                  | Orb.
     0 | D:1      | Reached XP level 1. HP: 19/19 MP: 0/0
   297 | D:1      | Reached XP level 2. HP: 27/27 MP: 1/1
   772 | D:1      | Reached ** piety under Trog
   785 | D:1      | Found Fosaph's Weapon Boutique.
  1038 | D:2      | Reached XP level 3. HP: 30/33 MP: 2/2
  1213 | D:2      | Noticed Robin
  1226 | D:2      | Gained mutation: Your flesh is cold resistant. (rC+)
                  | [potion of mutation]
  1226 | D:2      | Gained mutation: Your spells are a little harder to cast,
                  | but a little more powerful. [potion of mutation]
  1226 | D:2      | Gained mutation: You have a pair of large horns on your
                  | head. [potion of mutation]
  1226 | D:2      | Slain by a goblin

Illustrated notes

Levels and vault maps discovered:
D:1:      wander_arrival_desolate, layout_loops_ring, serial_shops, shop,
          moated_statue, st_stairs_13, minmay_misc_feat_chi
D:2:      layout_rooms, uniq_terence, uniq_robin

Skill      XL: |  1  2 |
---------------+-------+-----
Fighting       | 4 |  4.4
Axes           | 4 |  4.5
Armour         | |  2.7
Dodging        | |  2.3

Action                   || total
-------------------------++-------
Melee: Hand axe          ||    66
       Headbutt          ||     2
  Use: Scroll            ||     2
       Potion            ||     1
Armor: Animal skin       ||    25
Dodge: Dodged            ||    74

Table legend: (Time is in decaauts)
 A = Elapsed time spent in this place.
 B = Non-inter-level travel time spent in this place.
 C = Inter-level travel time spent in this place.
 D = Time resting spent in this place.
 E = Time spent auto-exploring this place.
 F = Levels seen in this place.
 G = Mean time per level.
                   A        B        C        D        E       F      G
               +--------+--------+--------+--------+--------+-----+--------+
         Total |   1231 |   1214 |     17 |      0 |    966 |   2 |  615.5 |
       Dungeon |   1231 |   1214 |     17 |      0 |    966 |   2 |  615.5 |
               +--------+--------+--------+--------+--------+-----+--------+

Top non-repeatable levels by time:
     D:1: 1026 daAuts
     D:2: 204 daAuts
